 Dungeon Crawl Stone Soup version 0.30-a0-989-g0d87f670db (webtiles) character file.

Game seed: 5542205818541866210

51 mopl the Changer (level 3, 0/17 HPs)
             Began as a Spriggan Transmuter on Apr 3, 2023.
             Slain by Terence
             ... wielding a +5 short sword of freezing
              (1 damage)
             ... on level 2 of the Dungeon.
             The game lasted 00:02:04 (851 turns).

mopl the Changer (Spriggan Transmuter)               Turns: 851, Time: 00:02:05

Health: 0/17       AC:  2    Str:  8    XL:     3   Next: 57%
Magic:  6/8        EV: 20    Int: 14    God:
Gold:   68         SH:  0    Dex: 20    Spells: 2/8 levels left

rFire   . . .      SeeInvis +      - Unarmed
rCold   + . .      Faith    .    (shield currently unavailable)
rNeg    . . .      Spirit   .    a - melded +0 robe
rPois   x          Reflect  .    (helmet currently unavailable)
rElec   .          Rampage  .    k - melded +0 cloak
rCorr   .                        (gloves unavailable)
Will    .....                    (boots unavailable)
Stlth   ++                       (no amulet)
HPRegen 0.22/turn                m - ring of protection from cold
MPRegen 0.11/turn                (no ring)

@: spider-form (expiring)
A: venomous fangs, tiny, no large weapons, unfitting armour, see invisible,
(speed 3)
a: End Transformation


You were on level 2 of the Dungeon.
You were a venomous arachnid creature.
You visited 1 branch of the dungeon, and saw 2 of its levels.

You collected 68 gold pieces.

Inventory:

Missiles
 i - 2 boomerangs
Armour
 a - a +0 robe (melded)
 k - a +0 cloak (melded)
Jewellery
 m - a ring of protection from cold (left front pincers)
Scrolls
 c - 3 scrolls of identify {unknown}
 d - a scroll of noise {unknown}
 f - a scroll of fog {unknown}
 g - a scroll of teleportation {unknown}
 j - a scroll of fear {unknown}
 l - a scroll of silence {unknown}
 o - a scroll of enchant weapon {unknown}
Potions
 b - a potion of lignification {!q}
 e - a potion of heal wounds {unknown}
 h - a potion of cancellation {unknown}
 n - a potion of brilliance {unknown}


   Skills:
 - Level 0.7 Fighting
 - Level 2.6 Dodging
 * Level 3.2 Unarmed Combat
 + Level 3.3 Spellcasting
 + Level 3.5 Transmutations


You had 2 spell levels left.
You knew the following spells:

 Your Spells              Type           Power      Damage    Failure   Level
a - Beastly Appendage     Tmut           24%        N/A       14%         1
b - Spider Form           Tmut/Pois      7%         N/A       52%         3
w - Wereblood             Tmut           12%        N/A       21%         2

Your spell library contained the following spells:

 Spells                   Type           Power      Damage    Failure   Level
 Kiss of Death            Conj/Necr      8%         2d6       41%         1
 Confusing Touch          Hex            2%         N/A       73%         3
 Ice Form                 Ice/Tmut       7%         N/A       86%         4
 Dispel Undead            Necr           2%         3d7       97%         4


Dungeon Overview and Level Annotations

Branches:
Dungeon (2/15)

Altars:

Shops:
D:1 (

Annotations:
D:2 Terence


Innate Abilities, Weirdness & Mutations

You are a venomous arachnid creature.
You have venomous fangs.
You are tiny and dextrous.
Your spellcasting is less reliable in this form.
Your armour is entirely melded.
You are incapable of wielding weapons or throwing items.
You are very small and have problems with some larger weapons.
You are too small for most types of armour.
You have supernaturally acute eyesight. (SInv)
((You cover ground extremely quickly. (Speed+++)))


Message History

No target in view!
m - a ring of protection from cold (left hand)
n - a fuming yellow potion Your transformation is almost over.
You now have 68 gold pieces (gained 17).
Magic restored.
o - a scroll labelled RUEL NAHADAONA Your horns disappear.
Your talons disappear.
Terence the Incautious comes into view.
He is wielding a +5 short sword of freezing.
Terence shouts!
Casting: Beastly Appendage (safe; 4% risk of failure)
Confirm with . or Enter, or press ? or * to list all spells.
The spell is astonishingly dangerous to miscast (30% risk of failure)!
Continue anyway? [Y]es or [N]o only, please.
The spell is astonishingly dangerous to miscast (30% risk of failure)!
Continue anyway?
You turn into a venomous arachnid creature.
Your +0 cloak melds into your body.
Your +0 robe melds into your body.
You barely miss Terence.
Terence hits you with a +5 short sword of freezing!
Ouch! That really hurt!
Terence freezes you.
You are too injured to fight recklessly!
You are too injured to fight recklessly!
You hit Terence but do no damage.
Terence is poisoned.
Terence closely misses you.
You barely miss Terence. Terence barely misses you.
You hit Terence.
Terence is lightly wounded.
Your transformation is almost over.
Terence barely misses you.
You hit Terence.
Terence looks as sick as possible!
Terence is heavily wounded.
Terence hits you with a +5 short sword of freezing.
* * * LOW HITPOINT WARNING * * *
You hit Terence but do no damage.
Terence is severely wounded.
Terence hits you with a +5 short sword of freezing.
* * * LOW HITPOINT WARNING * * *
Terence freezes you.
You die...

#...<#...♣ P #
##.#..#♣..P. ###
#.##..♣.♣.♣ ...
#.......P♣ ..#
#.....♣.♣♣
#.######.###...#
#.#............#
#@#............#
#s#............##.
#.#...............
♣#.########....###.
♣..##### ##....###.
♣......###.........
.♣######.......####.
.. #.......# #..
#......## ....
##......#


You could see Terence (extremely poisoned).

Vanquished Creatures
  A gnoll (D:1)
  2 dart slugs (D:1)
  3 endoplasms (D:1)
  A giant cockroach (D:1)
  7 goblins (D:1)
  2 hobgoblins (D:1)
  2 jackals (D:1)
  5 kobolds (D:1)
  4 ball pythons (D:1)
  3 bats (D:1)
  A frilled lizard (D:2)
  4 rats (D:1)
35 creatures vanquished.

Notes
Turn   | Place    | Note
-------+----------+-------------------------------------------
     0 | D:1      | mopl the Spriggan Transmuter began the quest for the Orb.
     0 | D:1      | Reached XP level 1. HP: 9/9 MP: 5/5
   199 | D:1      | Reached skill level 3 in Transmutations
   199 | D:1      | Reached XP level 2. HP: 13/14 MP: 6/6
   211 | D:1      | Reached skill level 3 in Spellcasting
   220 | D:1      | Learned a level 2 spell: Wereblood
   321 | D:1      | Reached skill level 3 in Unarmed Combat
   344 | D:1      | Reached XP level 3. HP: 13/17 MP: 6/8
   348 | D:1      | Learned a level 3 spell: Spider Form
   601 | D:1      | Found Jiaphyr's Antique Weapon Emporium.
   841 | D:2      | Noticed Terence
   851 | D:2      | Slain by Terence

Illustrated notes

Levels and vault maps discovered:
D:1:      dpeg_arrival_simpleton_b, layout_loops_ring, serial_shops,
          nicolae_shop_window_shopping
D:2:      minmay_diamond_boxcup, layout_basic, serial_forest,
          infiniplex_forest_corner_2, infiniplex_forest_end_2,
          infiniplex_forest_end_2, infiniplex_forest_fountain,
          infiniplex_forest_straight_3, minmay_rat_gold_closets, uniq_terence

Skill      XL: |  1  2 |
---------------+-------+-----
Transmutations | 3 |  3.5
Spellcasting   | 3 |  3.3
Unarmed Combat | 3 |  3.2
Fighting       | |  0.7
Dodging        | |  2.6

Action                     || total
---------------------------++-------
  Melee: Unarmed           ||   109
         Kick              ||    20
         Headbutt          ||    13
         Punch             ||     2
   Cast: Beastly Appendage ||    15
         Spider Form       ||     1
         Wereblood         ||     1
   Stab: Sleeping          ||     1
 Armour: Robe              ||     7
  Dodge: Dodged            ||    89

Table legend: (Time is in decaauts)
 A = Elapsed time spent in this place.
 B = Non-inter-level travel time spent in this place.
 C = Inter-level travel time spent in this place.
 D = Time resting spent in this place.
 E = Time spent auto-exploring this place.
 F = Levels seen in this place.
 G = Mean time per level.
                   A        B        C        D        E       F      G
               +--------+--------+--------+--------+--------+-----+--------+
         Total |    571 |    555 |     16 |      0 |    348 |   2 |  285.5 |
       Dungeon |    571 |    555 |     16 |      0 |    348 |   2 |  285.5 |
               +--------+--------+--------+--------+--------+-----+--------+

Top non-repeatable levels by time:
     D:1: 492 daAuts
     D:2: 79 daAuts
